 Dungeon Crawl Stone Soup version 0.31-a0-819-gf6de2f5ab6 (webtiles) character file.

Game seed: 3848620666895878639

88 DApurpleWHUMPUS the Magician (level 4, -5/24 HPs)
             Began as a Deep Elf Air Elementalist on Sept 24, 2023.
             Slain by a gnoll
             ... wielding a +0 flail
              (10 damage)
             ... on level 2 of the Dungeon.
             The game lasted 00:03:55 (2174 turns).

DApurpleWHUMPUS the Magician (DEAE)                 Turns: 2174, Time: 00:03:56

Health: -5/24      AC:  4    Str:  5    XL:     4   Next: 29%
Magic:  10/12      EV: 11    Int: 22    God:
Gold:   63         SH:  0    Dex: 15    Spells: 10/11 levels left

rFire   . . .        h - +0 short sword
rCold   . . .        (no shield)
rNeg    . . .        e - +0 leather armour
rPois   .            (no helmet)
rElec   .            (no cloak)
rCorr   .            m - +0 pair of gloves
SInv    .            (no boots)
Will    .....        (no amulet)
Stlth   ++           (no ring)
HPRegen 0.24/turn    (no ring)
MPRegen 0.13/turn

%: no passive effects
@: no status effects
A: no striking features
a: no special abilities


You were on level 2 of the Dungeon.
You visited 1 branch of the dungeon, and saw 2 of its levels.

You collected 63 gold pieces.

Inventory:

Hand Weapons
 h - a +0 short sword (weapon)
 o - a +0 sling
Missiles
 n - 10 stones
Armour
 a - a +0 robe
 e - a +0 leather armour (worn)
 m - a +0 pair of gloves (worn)
Scrolls
 c - a scroll of vulnerability {unknown}
 d - a scroll of noise {unknown}
 f - a scroll of revelation {unknown}
 g - 2 scrolls of identify {unknown}
 i - a scroll of enchant armour {unknown}
 j - a scroll of teleportation {unknown}
Potions
 k - a potion of cancellation {unknown}
 l - a potion of curing {unknown}


   Skills:
 - Level 2.4 Dodging
 - Level 2.4 Stealth
 + Level 4.4 Spellcasting
 + Level 2.6 Conjurations
 + Level 3.8 Air Magic


You had 10 spell levels left.
You knew the following spells:

 Your Spells              Type           Power      Damage    Failure   Level
a - Shock                 Conj/Air       76%        1d7       4%          1

Your spell library contained the following spells:

 Spells                   Type           Power      Damage    Failure   Level
 Static Discharge         Conj/Air       38%        2-4/arc   7%          2
 Swiftness                Air            21%        N/A       11%         3
 Airstrike                Air            10%        2d(2-18)  36%         4


Dungeon Overview and Level Annotations

Branches:
Dungeon (2/15)

Altars:

Shops:
D:1 [   D:2 :


Message History

The gnoll is moderately wounded.
The gnoll hits you with a +0 flail.
You hit the gnoll but do no damage.
The gnoll is moderately wounded.
The gnoll completely misses you.
You hit the gnoll.
The gnoll is moderately wounded.
The gnoll hits you with a +0 flail!
You hit the gnoll but do no damage.
The gnoll is moderately wounded.
The gnoll closely misses you.
You hit the gnoll but do no damage.
The gnoll is moderately wounded.
The gnoll hits you with a +0 flail.
You barely miss the gnoll.
The gnoll is moderately wounded.
The gnoll completely misses you.
Casting: Shock (safe; 4% risk of failure)
Confirm with . or Enter, or press ? or * to list all spells.
Aiming: Shock (safe; 4% risk of failure)
Press: ? - help, Shift-Dir - straight line, f - gnoll
Aim: a gnoll, wielding a +0 flail (moderately wounded, 75% to hit)
The zap misses the gnoll.
The gnoll hits you but does no damage. The gnoll attacks as it pursues you!
The gnoll closely misses you.
Okay, then.
Magic courses through your body. The gnoll hits you with a +0 flail.
* * * LOW HITPOINT WARNING * * *
Casting: Shock (safe; 4% risk of failure)
Confirm with . or Enter, or press ? or * to list all spells.
Aiming: Shock (safe; 4% risk of failure)
Press: ? - help, Shift-Dir - straight line, f/p - gnoll
Aim: a gnoll, wielding a +0 flail (moderately wounded, 75% to hit)
The zap misses the gnoll.
The gnoll barely misses you.
Casting: Shock (safe; 4% risk of failure)
Confirm with . or Enter, or press ? or * to list all spells.
Aiming: Shock (safe; 4% risk of failure)
Press: ? - help, Shift-Dir - straight line, f/p - gnoll
Aim: a gnoll, wielding a +0 flail (moderately wounded, 75% to hit)
The zap misses the gnoll.
The gnoll hits you with a +0 flail!
You die...

#.. #...#### #.. #......#
#.# #.....# #.# . #.....#
#.# ... #.....# #.. #..#
#.....#######.÷
#...#######.............#
#).))g@................
.....####........#........#
... #........#..).....# .
#........#........#
#.†......#........#
#####'####........# #.#
########.# #.# .# #.# .#


You could see a gnoll.

Vanquished Creatures
  3 gnolls (D:2)
  2 adders (D:2)
  A worm (D:2)
  2 dart slugs
  2 bats (D:1)
  4 endoplasms
  A giant cockroach (D:2)
  2 goblins
  2 hobgoblins
  2 jackals (D:2)
  A quokka (D:2)
  5 ball pythons
  A frilled lizard (D:2)
  2 kobolds
  6 rats
36 creatures vanquished.

Notes
Turn   | Place    | Note
-------+----------+-------------------------------------------
     0 | D:1      | DApurpleWHUMPUS the Deep Elf Air Elementalist began the
                  | quest for the Orb.
     0 | D:1      | Reached XP level 1. HP: 10/10 MP: 6/6
   371 | D:1      | Reached XP level 2. HP: 15/15 MP: 5/8
   526 | D:1      | Found Ryma's Antique Armour Emporium.
  1584 | D:2      | Reached XP level 3. HP: 19/19 MP: 8/10
  1742 | D:2      | Reached skill level 4 in Spellcasting
  1764 | D:2      | Found Kotes's Book Shoppe.
  2130 | D:2      | Reached XP level 4. HP: 24/24 MP: 6/12
  2174 | D:2      | Slain by a gnoll

Illustrated notes

Levels and vault maps discovered:
D:1:      lightli_arrival_boilingwater, layout_basic, serial_shops, shop,
          minmay_misc_feat_plants, glass_columns_a, minivault_4
D:2:      layout_basic, serial_shops, nicolae_square_shop

Skill      XL: |  1  2  3 |
---------------+----------+-----
Conjurations   | 2 |  2.6
Spellcasting   | 4 |  4.4
Dodging        | |  2.4
Stealth        | |  2.4
Air Magic      | |  3.8

Action                     |  1- 3 |  4- 6 || total
---------------------------+-------+-------++-------
  Melee: Short sword       |    19 |    10 ||    29
   Cast: Shock             |    63 |    12 ||    75
    Use: Potion            |     1 |     1 ||     2
 Armour: Leather armour    |     8 |     9 ||    17
  Dodge: Dodged            |    17 |     7 ||    24

Table legend: (Time is in decaauts)
 A = Elapsed time spent in this place.
 B = Non-inter-level travel time spent in this place.
 C = Inter-level travel time spent in this place.
 D = Time resting spent in this place.
 E = Time spent auto-exploring this place.
 F = Levels seen in this place.
 G = Mean time per level.
                   A        B        C        D        E       F      G
               +--------+--------+--------+--------+--------+-----+--------+
         Total |   2175 |   2043 |    132 |    316 |   1498 |   2 | 1087.5 |
       Dungeon |   2175 |   2043 |    132 |    316 |   1498 |   2 | 1087.5 |
               +--------+--------+--------+--------+--------+-----+--------+

Top non-repeatable levels by time:
     D:2: 1197 daAuts
     D:1: 977 daAuts
